[Event "SWE-ch Masters 2019"]
[Site "Eskilstuna"]
[Date "2019.07.06"]
[Round "1.1"]
[White "Crevatin, Leo"]
[Black "Zadruzny, Nicolaj"]
[Result "1/2-1/2"]
[ECO "D37"]
[WhiteElo "2146"]
[BlackElo "2280"]
[Annotator "NA"]
[PlyCount "140"]
[EventDate "2019.07.06"]
[EventType "tourn"]
[EventCountry "SWE"]
[SourceTitle "playchess.com"]
[Source "ChessBase"]
[SourceQuality "1"]
[TimeControl "40/5400+30:1800+30"]

1. d4 Nf6 2. c4 e6 3. Nc3 d5 4. Nf3 Be7 5. Bf4 O-O 6. e3 Nbd7 7. Be2 c5 8. dxc5 Nxc5 9. O-O dxc4 10. Bxc4 a6 11. Ne5 Qb6 12. Qe2 Nfd7 13. Nf3 Nf6 14. Ne5 Ncd7 15. Rfd1 Qa5 16. Nxd7 Bxd7 17. a3 Bc6 18. h3 Rac8 19. e4 Rfd8 20. e5 Nd7 21. Rac1 b5 22. Bd3 b4 23. Bxa6 Rb8 24. axb4 Qxb4 25. Be3 Qxb2 26. Qxb2 Rxb2 27. Bd4 Rbb8 28. Ne2 Ba4 29. Rf1 g6 30. Rc7 Rb4 31. Rfc1 Bg5 32. Rc8 Rxc8 33. Rxc8+ Kg7 34. Rc4 Rb1+ 35. Kh2 Bb5 36. Bxb5 Rxb5 37. f4 Bd8 38. Rc8 Ba5 39. Rc4 Nb6 40. Rc5 Rxc5 41. Bxc5 Nd5 42. Kg3 Bd2 43. Kf3 g5 44. fxg5 Bxg5 45. Ke4 Kg6 46. g3 Bd2 47. Ba3 Kg5 48. Bc1 Bxc1 49. Nxc1 Nc3+ 50. Kf3 Kf5 51. Nd3 h5 52. Ke3 Nd5+ 53. Kd4 Ne7 54. Ke3 Nc6 55. Nf4 h4 56. g4+ Kxe5 57. Ng2 Ne7 58. Nxh4 Nd5+ 59. Kf3 Kd4 60. g5 e5 61. Nf5+ Kd3 62. h4 e4+ 63. Kg4 e3 64. Ng3 Nc3 65. Kf3 e2 66. Kf2 Kd2 67. Nxe2 Nxe2 68. h5 Nf4 69. g6 fxg6 70. hxg6 Nxg6 1/2-1/2

[Event "SWE-ch Masters 2019"]
[Site "Eskilstuna"]
[Date "2019.07.06"]
[Round "1.2"]
[White "Landgren, Andreas"]
[Black "Olsson, William"]
[Result "1/2-1/2"]
[ECO "D46"]
[WhiteElo "2246"]
[BlackElo "2113"]
[Annotator "NA"]
[PlyCount "74"]
[EventDate "2019.07.06"]
[EventType "tourn"]
[EventCountry "SWE"]
[SourceTitle "playchess.com"]
[Source "ChessBase"]
[SourceQuality "1"]
[TimeControl "40/5400+30:1800+30"]

1. d4 d5 2. c4 c6 3. Nf3 Nf6 4. Nc3 e6 5. e3 Nbd7 6. Qc2 Bd6 7. Bd3 dxc4 8. Bxc4 b5 9. Bd3 Bb7 10. O-O a6 11. a4 Rc8 12. Rd1 Qe7 13. e4 e5 14. Bg5 h6 15. Bh4 O-O 16. Ne2 Rfe8 17. Rac1 c5 18. dxe5 Bxe5 19. Nxe5 Nxe5 20. Ng3 Nxd3 21. Qxd3 c4 22. Qd4 Rc6 23. Bxf6 Rxf6 24. f3 g6 25. Nf1 Re6 26. Ne3 Qg5 27. Nd5 Bxd5 28. Qxd5 Qe3+ 29. Kf1 Qf4 30. axb5 axb5 31. Qxb5 Rxe4 32. Rxc4 Rxc4 33. Qxe8+ Kg7 34. Qe2 Qc7 35. Qd3 Qc5 36. b3 Rc3 37. Qd4+ Qxd4 1/2-1/2

[Event "SWE-ch Masters 2019"]
[Site "Eskilstuna"]
[Date "2019.07.06"]
[Round "1.3"]
[White "Wahlund, Max"]
[Black "Engstrom, Kaj"]
[Result "1/2-1/2"]
[ECO "E08"]
[WhiteElo "2100"]
[BlackElo "2234"]
[Annotator "NA"]
[PlyCount "94"]
[EventDate "2019.07.06"]
[EventType "tourn"]
[EventCountry "SWE"]
[SourceTitle "playchess.com"]
[Source "ChessBase"]
[SourceQuality "1"]
[TimeControl "40/5400+30:1800+30"]

1. d4 d5 2. c4 e6 3. Nf3 Nf6 4. g3 Be7 5. Bg2 O-O 6. O-O Nbd7 7. Qc2 Ne4 8. cxd5 exd5 9. Nc3 Nxc3 10. bxc3 Nb6 11. e4 c6 12. h4 Be6 13. Ng5 Bxg5 14. hxg5 Qd7 15. f4 dxe4 16. Bxe4 f5 17. gxf6 gxf6 18. f5 Bd5 19. Bh6 Rfe8 20. Rae1 Re7 21. Bxd5+ Nxd5 22. c4 Nb4 23. Qc3 c5 24. d5 Rf7 25. Re6 Nxa2 26. Qe3 Nb4 27. Re1 Nc2 28. Re8+ Rf8 29. Rxf8+ Rxf8 30. Qe7 Qxe7 31. Rxe7 Rb8 32. Rg7+ Kh8 33. Rc7 Rg8 34. d6 Nd4 35. Rxc5 Nc6 36. Kg2 Rd8 37. Rb5 Rd7 38. Rb1 Kg8 39. c5 Kf7 40. g4 Ne5 41. Kg3 b6 42. cxb6 axb6 43. Rxb6 Nc4 44. Rc6 Nxd6 45. Bf4 Ne4+ 46. Kf3 Ng5+ 47. Bxg5 fxg5 1/2-1/2

[Event "SWE-ch Masters 2019"]
[Site "Eskilstuna"]
[Date "2019.07.06"]
[Round "1.4"]
[White "Tiger-Norqvist, Axel"]
[Black "Emmoth, Alfons"]
[Result "1/2-1/2"]
[ECO "C02"]
[WhiteElo "2222"]
[BlackElo "2075"]
[Annotator "NA"]
[PlyCount "85"]
[EventDate "2019.07.06"]
[EventType "tourn"]
[EventCountry "SWE"]
[SourceTitle "playchess.com"]
[Source "ChessBase"]
[SourceQuality "1"]
[TimeControl "40/5400+30:1800+30"]

1. e4 e6 2. d4 d5 3. e5 c5 4. c3 Qb6 5. Nf3 Nc6 6. a3 c4 7. Be2 Bd7 8. O-O Nge7 9. Nbd2 Na5 10. Re1 h6 11. h4 O-O-O 12. Rb1 Kb8 13. Nf1 Nb3 14. Bf4 Ng6 15. Bg3 Be7 16. N1d2 Ba4 17. Qc2 Rdg8 18. h5 Nf8 19. Nxb3 Bxb3 20. Qc1 Nd7 21. Nd2 Ba4 22. Bd1 Qc6 23. Re3 Ka8 24. Bc2 g5 25. hxg6 fxg6 26. Rf3 Nb6 27. Re3 Bxc2 28. Qxc2 Qa4 29. Rc1 Qxc2 30. Rxc2 Rf8 31. Rf3 g5 32. Rxf8+ Rxf8 33. f3 Kb8 34. Bh2 h5 35. g4 hxg4 36. fxg4 Kc7 37. Kg2 Kd7 38. Bg1 Ke8 39. Be3 Kf7 40. Nf3 Kg6 41. Bc1 Rh8 42. Rf2 a5 43. Rc2 1/2-1/2

[Event "SWE-ch Masters 2019"]
[Site "Eskilstuna"]
[Date "2019.07.06"]
[Round "1.5"]
[White "Hellstrom, Magnus"]
[Black "Eriksson, Jorgen"]
[Result "1/2-1/2"]
[ECO "C18"]
[WhiteElo "2061"]
[BlackElo "2211"]
[Annotator "NA"]
[PlyCount "59"]
[EventDate "2019.07.06"]
[EventType "tourn"]
[EventCountry "SWE"]
[SourceTitle "playchess.com"]
[Source "ChessBase"]
[SourceQuality "1"]
[TimeControl "40/5400+30:1800+30"]

1. e4 e6 2. d4 d5 3. Nc3 Bb4 4. e5 c5 5. a3 Bxc3+ 6. bxc3 Qa5 7. Bd2 Qa4 8. Qg4 g6 9. c4 Nc6 10. dxc5 Qxc2 11. Nf3 Qb2 12. Rc1 Nxe5 13. Qf4 Nxf3+ 14. Qxf3 Ne7 15. Rd1 Qe5+ 16. Be2 d4 17. O-O Bd7 18. Bf4 Qxc5 19. Qxb7 Bc6 20. Qc7 Rc8 21. Qe5 Qxe5 22. Bxe5 O-O 23. Bxd4 Rc7 24. Be5 Rb7 25. Bf6 Re8 26. Rd6 Rc7 27. Rfd1 Kf8 28. g4 Ng8 29. Bd8 Rc8 30. f3 1/2-1/2

[Event "SWE-ch Masters 2019"]
[Site "Eskilstuna"]
[Date "2019.07.06"]
[Round "1.6"]
[White "Olsson, Simon"]
[Black "Cramling Bellon, Anna"]
[Result "1/2-1/2"]
[ECO "E43"]
[WhiteElo "2176"]
[BlackElo "2030"]
[Annotator "NA"]
[PlyCount "59"]
[EventDate "2019.07.06"]
[EventType "tourn"]
[EventCountry "SWE"]
[SourceTitle "playchess.com"]
[Source "ChessBase"]
[SourceQuality "1"]
[TimeControl "40/5400+30:1800+30"]

1. d4 Nf6 2. c4 e6 3. Nc3 Bb4 4. a3 Bxc3+ 5. bxc3 b6 6. e3 Nc6 7. Bd3 O-O 8. e4 d6 9. Bg5 h6 10. Be3 e5 11. f3 Qe7 12. Ne2 Na5 13. Ng3 d5 14. dxe5 Qxe5 15. Bd4 Qe7 16. cxd5 Nxd5 17. O-O Nf4 18. Be3 Nxd3 19. Qxd3 Be6 20. Rfe1 Rfd8 21. Qc2 Nc4 22. f4 Nxe3 23. Rxe3 Qc5 24. Qf2 Rd7 25. e5 Rad8 26. Ne4 Rd1+ 27. Re1 Qxf2+ 28. Kxf2 R1d3 29. Rac1 Bd5 30. Rc2 1/2-1/2

[Event "SWE-ch Masters 2019"]
[Site "Eskilstuna"]
[Date "2019.07.06"]
[Round "1.7"]
[White "Sivhed, Johan"]
[Black "Lind, Jan-Olov"]
[Result "0-1"]
[ECO "B70"]
[WhiteElo "2023"]
[BlackElo "2155"]
[Annotator "NA"]
[PlyCount "76"]
[EventDate "2019.07.06"]
[EventType "tourn"]
[EventCountry "SWE"]
[SourceTitle "playchess.com"]
[Source "ChessBase"]
[SourceQuality "1"]
[TimeControl "40/5400+30:1800+30"]

1. e4 c5 2. Nf3 g6 3. d4 cxd4 4. Nxd4 Bg7 5. Nc3 Nc6 6. Nb3 Nf6 7. Be2 O-O 8. O-O d6 9. Re1 a6 10. a4 b6 11. Bf1 Bb7 12. Nd5 Nd7 13. c3 e6 14. Ne3 Nf6 15. f3 Qc7 16. c4 Rad8 17. Qd2 d5 18. cxd5 exd5 19. exd5 Ne5 20. Qb4 a5 21. Qh4 Nxd5 22. Nxd5 Rxd5 23. Nd2 Nd3 24. Bxd3 Rxd3 25. Ne4 Bxe4 26. Qxe4 Rd4 27. Qe2 Qc6 28. Be3 Rxa4 29. Rxa4 Qxa4 30. Bxb6 Qb4 31. Qf2 Rc8 32. h3 Bxb2 33. Rb1 Rc1+ 34. Rxc1 Bxc1 35. Bd4 a4 36. Kh2 a3 37. Qh4 Qd6+ 38. g3 Bb2 0-1

[Event "SWE-ch Masters 2019"]
[Site "Eskilstuna"]
[Date "2019.07.06"]
[Round "1.8"]
[White "Olsson, Svante"]
[Black "Carlsson, Andreas"]
[Result "1-0"]
[ECO "A37"]
[WhiteElo "2155"]
[BlackElo "2019"]
[Annotator "NA"]
[PlyCount "51"]
[EventDate "2019.07.06"]
[EventType "tourn"]
[EventCountry "SWE"]
[SourceTitle "playchess.com"]
[Source "ChessBase"]
[SourceQuality "1"]
[TimeControl "40/5400+30:1800+30"]

1. c4 c5 2. Nc3 Nc6 3. g3 g6 4. Bg2 Bg7 5. Nf3 d6 6. O-O Qd7 7. d3 Bxc3 8. bxc3 b6 9. Ne1 f5 10. Nc2 Bb7 11. Rb1 Nf6 12. Ne3 e6 13. d4 O-O-O 14. d5 Na5 15. dxe6 Qxe6 16. Bxb7+ Kxb7 17. Nd5 h6 18. f3 Rd7 19. Rf2 Nh5 20. Qa4 Nc6 21. Qb5 Ne7 22. a4 Ka8 23. a5 bxa5 24. e4 Rc8 25. Rfb2 Nc6 26. Qxc6+ 1-0

[Event "SWE-ch Masters 2019"]
[Site "Eskilstuna"]
[Date "2019.07.06"]
[Round "1.9"]
[White "Adellian, Yashar"]
[Black "Jogstad, Daniel"]
[Result "1/2-1/2"]
[ECO "B22"]
[WhiteElo "1995"]
[BlackElo "2154"]
[Annotator "NA"]
[PlyCount "42"]
[EventDate "2019.07.06"]
[EventType "tourn"]
[EventCountry "SWE"]
[SourceTitle "playchess.com"]
[Source "ChessBase"]
[SourceQuality "1"]
[TimeControl "40/5400+30:1800+30"]

1. e4 c5 2. c3 Nf6 3. e5 Nd5 4. d4 cxd4 5. Qxd4 e6 6. Bc4 Nc6 7. Qe4 f5 8. Qe2 Nb6 9. Bb3 Be7 10. Nf3 O-O 11. O-O Na5 12. Bc2 Qc7 13. Rd1 a6 14. a3 Nd5 15. g4 fxg4 16. Qe4 Rxf3 17. Qxh7+ Kf8 18. Qh8+ Kf7 19. Qh5+ Kf8 20. Qh8+ Kf7 21. Qh5+ Kf8 1/2-1/2

[Event "SWE-ch Masters 2019"]
[Site "Eskilstuna"]
[Date "2019.07.06"]
[Round "1.10"]
[White "Nikolic, Vladan"]
[Black "Bannoura, Jeries"]
[Result "1-0"]
[ECO "A42"]
[WhiteElo "2153"]
[BlackElo "1976"]
[Annotator "NA"]
[PlyCount "49"]
[EventDate "2019.07.06"]
[EventType "tourn"]
[EventCountry "SWE"]
[SourceTitle "playchess.com"]
[Source "ChessBase"]
[SourceQuality "1"]
[TimeControl "40/5400+30:1800+30"]

1. d4 d6 2. c4 g6 3. e4 Bg7 4. Nc3 Nc6 5. Be3 e5 6. Nge2 Nge7 7. d5 Nb8 8. c5 f5 9. f3 Nd7 10. cxd6 cxd6 11. Nb5 Nf6 12. Rc1 O-O 13. Nc7 fxe4 14. Nxa8 exf3 15. gxf3 Nfxd5 16. Bd2 Be6 17. Nc3 Nf5 18. Qa4 Nd4 19. Be2 Qh4+ 20. Kd1 Bh6 21. Bxh6 Qxh6 22. Nxd5 Nxe2 23. Ne7+ Kh8 24. Kxe2 Rxa8 25. Rc8+ 1-0

[Event "SWE-ch Masters 2019"]
[Site "Eskilstuna"]
[Date "2019.07.07"]
[Round "2.1"]
[White "Lind, Jan-Olov"]
[Black "Nikolic, Vladan"]
[Result "1/2-1/2"]
[ECO "C44"]
[WhiteElo "2155"]
[BlackElo "2153"]
[Annotator "NA"]
[PlyCount "157"]
[EventDate "2019.07.06"]
[EventType "swiss"]
[EventCountry "SWE"]
[SourceTitle "playchess.com"]
[Source "ChessBase"]
[SourceQuality "1"]
[TimeControl "40/5400+30:1800+30"]

1. e4 e5 2. Nf3 Nc6 3. Be2 Nf6 4. d3 d5 5. Nbd2 Bc5 6. O-O O-O 7. c3 a5 8. b3 h6 9. a3 Re8 10. Bb2 Ba7 11. b4 d4 12. Nc4 b5 13. Nxa5 Nxa5 14. bxa5 c5 15. a4 b4 16. cxb4 cxb4 17. Nd2 Be6 18. Nb3 Bxb3 19. Qxb3 Qxa5 20. f4 Bb8 21. fxe5 Bxe5 22. Rf5 Re6 23. Kh1 g6 24. Rf2 Rc6 25. Qd1 Rac8 26. Qf1 Qc7 27. Bd1 Kg7 28. g3 Qd7 29. a5 Ra6 30. Bc1 Rc5 31. Bd2 Rcxa5 32. Rb1 Ra1 33. Bb3 Rxb1 34. Qxb1 Qh3 35. Kg1 Ra7 36. Bxb4 Ng4 37. Bc5 Nxf2 38. Bxa7 Ng4 39. Qc2 Ne3 40. Qf2 Qd7 41. Bc5 h5 42. Ba3 h4 43. Bc1 Qb7 44. Ba2 f6 45. Qb2 Qd7 46. Qb3 hxg3 47. Qg8+ Kh6 48. h4 Qg7 49. Qxg7+ Kxg7 50. Bb3 Ng4 51. Kg2 Nf2 52. Bc2 f5 53. exf5 gxf5 54. Kf3 Kg6 55. Bd2 Ng4 56. Ba4 Kh5 57. Bg5 Kg6 58. Be8+ Kg7 59. Bd7 Nh2+ 60. Kg2 f4 61. Bc6 Ng4 62. Kf3 Nh2+ 63. Kg2 Bd6 64. Be4 Bc7 65. h5 Ng4 66. Kf3 Nh2+ 67. Kg2 Ng4 68. Kf3 Ne5+ 69. Kxf4 Nxd3+ 70. Kf5 Nf2 71. Bf6+ Kh6 72. Bg5+ Kh7 73. Bf3 d3 74. Bd2 Bb8 75. h6 Bd6 76. Ke6 Bf8 77. Bf4 d2 78. Bxd2 Bxh6 79. Be1 1/2-1/2

[Event "SWE-ch Masters 2019"]
[Site "Eskilstuna"]
[Date "2019.07.07"]
[Round "2.2"]
[White "Gromark, Per-Olof"]
[Black "Olsson, Svante"]
[Result "0-1"]
[ECO "E92"]
[WhiteElo "1909"]
[BlackElo "2155"]
[Annotator "NA"]
[PlyCount "84"]
[EventDate "2019.07.06"]
[EventType "swiss"]
[EventCountry "SWE"]
[SourceTitle "playchess.com"]
[Source "ChessBase"]
[SourceQuality "1"]
[TimeControl "40/5400+30:1800+30"]

1. c4 g6 2. e4 Bg7 3. d4 d6 4. Nc3 Nf6 5. Nf3 O-O 6. Be2 e5 7. d5 a5 8. Bg5 Na6 9. Nd2 h6 10. Be3 Ne8 11. a3 Bd7 12. Rb1 f5 13. f3 Nf6 14. b4 axb4 15. axb4 b6 16. O-O Nh5 17. Na4 Nf4 18. Rf2 Nh3+ 19. gxh3 f4 20. Bxb6 cxb6 21. Bf1 Qc7 22. Nc3 Bf6 23. Nb5 Qb8 24. Kh1 Bh4 25. Rg2 Rf6 26. Qe2 Nc7 27. Nb3 Nxb5 28. cxb5 Bxh3 29. Rg1 Bd7 30. Qc4 g5 31. Rg2 Rf8 32. Rc2 Ra7 33. Qe2 Rc8 34. Rxc8+ Qxc8 35. Rc1 Rc7 36. Qd2 Rxc1 37. Nxc1 g4 38. Bg2 Bxb5 39. Na2 gxf3 40. Bxf3 Qh3 41. Be2 Bxe2 42. Qxe2 f3 0-1

[Event "SWE-ch Masters 2019"]
[Site "Eskilstuna"]
[Date "2019.07.07"]
[Round "2.3"]
[White "Zadruzny, Nicolaj"]
[Black "Wahlund, Max"]
[Result "0-1"]
[ECO "B40"]
[WhiteElo "2280"]
[BlackElo "2100"]
[Annotator "NA"]
[PlyCount "80"]
[EventDate "2019.07.06"]
[EventType "swiss"]
[EventCountry "SWE"]
[SourceTitle "playchess.com"]
[Source "ChessBase"]
[SourceQuality "1"]
[TimeControl "40/5400+30:1800+30"]

1. e4 e6 2. d3 d5 3. Nd2 c5 4. Ngf3 Nc6 5. g3 d4 6. Bg2 e5 7. O-O f6 8. a4 Be6 9. Ne1 Qd7 10. f4 O-O-O 11. Qe2 Bd6 12. Nc4 Nge7 13. Bd2 h5 14. Nf3 Bc7 15. fxe5 Nxe5 16. Ncxe5 Bxe5 17. Nxe5 fxe5 18. Bg5 Rde8 19. c3 Nc6 20. a5 Bg4 21. Qc2 Rhf8 22. Kh1 Qd6 23. h3 Be6 24. Rfc1 Kb8 25. Ra4 Rf7 26. b4 Ref8 27. cxd4 Rf2 28. Qxc5 Qd7 29. Be3 Bxh3 30. Bxf2 Rxf2 31. Rc2 Bxg2+ 32. Kg1 Rf1+ 33. Kxg2 Qf7 34. Qd6+ Ka8 35. Kh2 Qf3 36. Rg2 Qd1 37. Kh3 Rh1+ 38. Rh2 Qg4+ 39. Kg2 Qe2+ 40. Kxh1 Qf1# 0-1

[Event "SWE-ch Masters 2019"]
[Site "Eskilstuna"]
[Date "2019.07.07"]
[Round "2.4"]
[White "Emmoth, Alfons"]
[Black "Landgren, Andreas"]
[Result "0-1"]
[ECO "D87"]
[WhiteElo "2075"]
[BlackElo "2246"]
[Annotator "NA"]
[PlyCount "90"]
[EventDate "2019.07.06"]
[EventType "swiss"]
[EventCountry "SWE"]
[SourceTitle "playchess.com"]
[Source "ChessBase"]
[SourceQuality "1"]
[TimeControl "40/5400+30:1800+30"]

1. d4 Nf6 2. c4 g6 3. Nc3 d5 4. cxd5 Nxd5 5. e4 Nxc3 6. bxc3 Bg7 7. Bc4 c5 8. Ne2 O-O 9. Be3 Nc6 10. O-O Na5 11. Bd3 b6 12. Qd2 e5 13. d5 f5 14. f4 fxe4 15. Bxe4 Nc4 16. Qd3 Nxe3 17. Qxe3 Qd6 18. fxe5 Rxf1+ 19. Rxf1 Qxe5 20. Qd3 Bd7 21. c4 Re8 22. Ng3 Qd4+ 23. Qxd4 Bxd4+ 24. Kh1 Be5 25. Bd3 Bxg3 26. hxg3 Kg7 27. Kg1 Bg4 28. Rf4 Be2 29. Bxe2 Rxe2 30. Rf2 Re1+ 31. Kh2 Rc1 32. Re2 Kf6 33. Re6+ Kf7 34. Rc6 Rxc4 35. Rc7+ Ke8 36. Rxa7 b5 37. Rxh7 Rd4 38. Rg7 Rxd5 39. Rxg6 c4 40. Kg1 Kd7 41. Rg7+ Kd6 42. Rg6+ Kc5 43. Rg8 Kb4 44. Re8 Rd2 45. Kf1 Rxa2 0-1

[Event "SWE-ch Masters 2019"]
[Site "Eskilstuna"]
[Date "2019.07.07"]
[Round "2.5"]
[White "Engstrom, Kaj"]
[Black "Crevatin, Leo"]
[Result "1/2-1/2"]
[ECO "B30"]
[WhiteElo "2234"]
[BlackElo "2146"]
[Annotator "NA"]
[PlyCount "42"]
[EventDate "2019.07.06"]
[EventType "swiss"]
[EventCountry "SWE"]
[SourceTitle "playchess.com"]
[Source "ChessBase"]
[SourceQuality "1"]
[TimeControl "40/5400+30:1800+30"]

1. e4 c5 2. Nf3 Nc6 3. Bb5 e6 4. O-O Nge7 5. Re1 Ng6 6. c3 d5 7. exd5 Qxd5 8. c4 Qd6 9. b4 cxb4 10. a3 Be7 11. axb4 O-O 12. c5 Qc7 13. Qb3 a5 14. Bxc6 bxc6 15. d4 Rb8 16. Bd2 e5 17. Qa4 axb4 18. Bxb4 Qb7 19. Bc3 Bf5 20. Nbd2 Ra8 21. Qd1 Bg4 1/2-1/2

[Event "SWE-ch Masters 2019"]
[Site "Eskilstuna"]
[Date "2019.07.07"]
[Round "2.6"]
[White "Cramling Bellon, Anna"]
[Black "Tiger-Norqvist, Axel"]
[Result "0-1"]
[ECO "E71"]
[WhiteElo "2030"]
[BlackElo "2222"]
[Annotator "NA"]
[PlyCount "64"]
[EventDate "2019.07.06"]
[EventType "swiss"]
[EventCountry "SWE"]
[SourceTitle "playchess.com"]
[Source "ChessBase"]
[SourceQuality "1"]
[TimeControl "40/5400+30:1800+30"]

1. d4 Nf6 2. c4 g6 3. Nc3 Bg7 4. e4 O-O 5. Bg5 d6 6. h3 c5 7. d5 e6 8. Bd3 exd5 9. exd5 Re8+ 10. Nge2 Nbd7 11. f4 b5 12. Nxb5 Qb6 13. Qc2 Nxd5 14. cxd5 c4 15. Bxc4 Nc5 16. O-O Bf5 17. Qd1 Nd3+ 18. Kh2 Nxb2 19. Qb3 Nxc4 20. Qxc4 Rac8 21. Qb3 Rxe2 22. Na3 Qxb3 23. axb3 Bxa1 24. Rxa1 Be4 25. Rg1 Bxd5 26. f5 gxf5 27. Bf4 f6 28. Bxd6 Kf7 29. Bg3 Rg8 30. h4 f4 31. Bxf4 Bxg2 32. Bg3 Be4+ 0-1

[Event "SWE-ch Masters 2019"]
[Site "Eskilstuna"]
[Date "2019.07.07"]
[Round "2.7"]
[White "Eriksson, Jorgen"]
[Black "Adellian, Yashar"]
[Result "1/2-1/2"]
[ECO "A87"]
[WhiteElo "2211"]
[BlackElo "1995"]
[Annotator "NA"]
[PlyCount "93"]
[EventDate "2019.07.06"]
[EventType "swiss"]
[EventCountry "SWE"]
[SourceTitle "playchess.com"]
[Source "ChessBase"]
[SourceQuality "1"]
[TimeControl "40/5400+30:1800+30"]

1. d4 e6 2. g3 f5 3. Bg2 Nf6 4. Nf3 g6 5. O-O Bg7 6. c4 d6 7. Nc3 O-O 8. Qc2 Nc6 9. d5 Ne5 10. Nxe5 dxe5 11. b3 e4 12. dxe6 Qe7 13. Bb2 Bxe6 14. f3 Qc5+ 15. Kh1 exf3 16. exf3 f4 17. Rae1 Qf5 18. Qxf5 Bxf5 19. g4 Bd3 20. Rf2 g5 21. Rd2 Bg6 22. Kg1 c6 23. Bf1 Rad8 24. Red1 Rxd2 25. Rxd2 Re8 26. Kf2 Bf8 27. Na4 Bb4 28. Bc3 Bxc3 29. Nxc3 Kf7 30. c5 Re5 31. Bc4+ Ke7 32. b4 Re3 33. Re2 Rxe2+ 34. Kxe2 Bf7 35. Bxf7 Kxf7 36. Kd3 Ke6 37. Kd4 h6 38. a3 Nd7 39. Ne4 Ne5 40. Nd2 Kf6 41. Ke4 Ke6 42. a4 Kf6 43. h3 a6 44. Kd4 Ke6 45. a5 Kf6 46. Ne4+ Ke6 47. Nd2 1/2-1/2

[Event "SWE-ch Masters 2019"]
[Site "Eskilstuna"]
[Date "2019.07.07"]
[Round "2.8"]
[White "Olsson, William"]
[Black "Olsson, Simon"]
[Result "0-1"]
[ECO "D37"]
[WhiteElo "2113"]
[BlackElo "2176"]
[Annotator "NA"]
[PlyCount "112"]
[EventDate "2019.07.06"]
[EventType "swiss"]
[EventCountry "SWE"]
[SourceTitle "playchess.com"]
[Source "ChessBase"]
[SourceQuality "1"]
[TimeControl "40/5400+30:1800+30"]

1. Nf3 d5 2. d4 Nf6 3. c4 e6 4. Nc3 Nbd7 5. e3 Be7 6. Bd3 O-O 7. O-O dxc4 8. Bxc4 c5 9. Qd3 cxd4 10. exd4 Nb6 11. Bb3 Bd7 12. Ne5 Bc6 13. Bc2 Nbd5 14. a3 Nxc3 15. Nxc6 Ne2+ 16. Qxe2 bxc6 17. Rd1 Qc7 18. Bg5 Rfd8 19. Rac1 Rac8 20. Qd3 h6 21. Bh4 c5 22. Qf3 cxd4 23. Bh7+ Kxh7 24. Rxc7 Rxc7 25. Qd3+ Kg8 26. Bg3 Rc5 27. f4 a5 28. Bf2 Rcd5 29. Rc1 Nd7 30. Kf1 Nc5 31. Qd1 d3 32. Bxc5 Bxc5 33. Qf3 Bd4 34. Rb1 d2 35. b4 Bb2 36. Rd1 Rd3 37. Qb7 a4 38. b5 Bxa3 39. b6 Bd6 40. Qe4 Bb8 41. Qxa4 R3d4 42. Qc6 Bxf4 43. g3 Bb8 44. Ke2 h5 45. Kf2 h4 46. b7 hxg3+ 47. hxg3 Rd3 48. g4 Bf4 49. Qc8 Kf8 50. g5 Ke7 51. Qc5+ Bd6 52. Qc8 Rd5 53. Ke2 Bb8 54. Ke3 Rxg5 55. Rf1 Re5+ 56. Kf2 Rf5+ 0-1

[Event "SWE-ch Masters 2019"]
[Site "Eskilstuna"]
[Date "2019.07.07"]
[Round "2.9"]
[White "Jogstad, Daniel"]
[Black "Hellstrom, Magnus"]
[Result "1-0"]
[ECO "B31"]
[WhiteElo "2154"]
[BlackElo "2061"]
[Annotator "NA"]
[PlyCount "79"]
[EventDate "2019.07.06"]
[EventType "swiss"]
[EventCountry "SWE"]
[SourceTitle "playchess.com"]
[Source "ChessBase"]
[SourceQuality "1"]
[TimeControl "40/5400+30:1800+30"]

1. e4 c5 2. Nf3 Nc6 3. Bb5 g6 4. Bxc6 bxc6 5. O-O Bg7 6. c3 Nh6 7. d3 O-O 8. Bg5 f6 9. Be3 d6 10. h3 Rb8 11. Qd2 Nf7 12. c4 f5 13. Nc3 e5 14. Qe2 Kh8 15. b3 Qf6 16. Bd2 g5 17. exf5 Bxf5 18. Ne4 Qg6 19. g4 Bc8 20. Nfxg5 Nxg5 21. Nxg5 d5 22. Rae1 Bd7 23. f4 exf4 24. Rxf4 Rfe8 25. Qf1 Rxe1 26. Qxe1 Qxd3 27. Rf3 Qd4+ 28. Be3 Qb2 29. Qh4 Qb1+ 30. Rf1 Qd3 31. Bxc5 Re8 32. Nf7+ Kg8 33. Nd6 Re2 34. Qd8+ Be8 35. Bf2 Bd4 36. Qg5+ Bg6 37. Qd8+ Kg7 38. Qc7+ Kh6 39. Nf5+ Bxf5 40. Qf4+ 1-0

[Event "SWE-ch Masters 2019"]
[Site "Eskilstuna"]
[Date "2019.07.07"]
[Round "2.10"]
[White "Carlsson, Andreas"]
[Black "Sivhed, Johan"]
[Result "0-1"]
[ECO "D02"]
[WhiteElo "2019"]
[BlackElo "2023"]
[Annotator "NA"]
[PlyCount "58"]
[EventDate "2019.07.06"]
[EventType "swiss"]
[EventCountry "SWE"]
[SourceTitle "playchess.com"]
[Source "ChessBase"]
[SourceQuality "1"]
[TimeControl "40/5400+30:1800+30"]

1. d4 d5 2. Nf3 Nf6 3. Bf4 Bf5 4. e3 e6 5. Be2 Bd6 6. Bg3 h6 7. Nbd2 O-O 8. Ne5 c5 9. c3 Nc6 10. O-O Qc7 11. f4 Ne4 12. Be1 f6 13. Nd3 c4 14. Nf2 Nxf2 15. Rxf2 e5 16. g3 exf4 17. exf4 Rfe8 18. b3 b5 19. Bf3 Ne7 20. a4 a6 21. axb5 axb5 22. Rxa8 Rxa8 23. bxc4 bxc4 24. Qe2 Ra1 25. g4 Bd3 26. Qe6+ Kh7 27. f5 Bxh2+ 28. Kg2 Qg3+ 29. Kh1 Qg1# 0-1

[Event "SWE-ch Masters 2019"]
[Site "Eskilstuna"]
[Date "2019.07.08"]
[Round "3.1"]
[White "Olsson, Svante"]
[Black "Landgren, Andreas"]
[Result "1/2-1/2"]
[ECO "A13"]
[WhiteElo "2155"]
[BlackElo "2246"]
[Annotator "NA"]
[PlyCount "63"]
[EventDate "2019.07.06"]
[EventType "swiss"]
[EventCountry "SWE"]
[SourceTitle "playchess.com"]
[Source "ChessBase"]
[SourceQuality "1"]
[TimeControl "40/5400+30:1800+30"]

1. c4 e6 2. Nf3 d5 3. g3 Nf6 4. Bg2 dxc4 5. Nc3 Nbd7 6. Qa4 a6 7. O-O Be7 8. Qxc4 b5 9. Qd3 Bb7 10. Qc2 O-O 11. d3 c5 12. a4 b4 13. Nd1 a5 14. Ne3 Nb6 15. Ne5 Bxg2 16. Kxg2 Nfd5 17. N5c4 Nxe3+ 18. Bxe3 Nxc4 19. Qxc4 Qd5+ 20. f3 Qxc4 21. dxc4 Bf6 22. Rab1 Rfd8 23. b3 Bd4 24. Kf2 Kf8 25. Rbd1 Bxe3+ 26. Kxe3 Ke7 27. Rd3 Rxd3+ 28. exd3 Rd8 29. f4 f6 30. Re1 h5 31. Kd2 Rd4 32. Re4 1/2-1/2

[Event "SWE-ch Masters 2019"]
[Site "Eskilstuna"]
[Date "2019.07.08"]
[Round "3.3"]
[White "Olsson, Simon"]
[Black "Nikolic, Vladan"]
[Result "1/2-1/2"]
[ECO "D01"]
[WhiteElo "2176"]
[BlackElo "2153"]
[Annotator "NA"]
[PlyCount "38"]
[EventDate "2019.07.06"]
[EventType "swiss"]
[EventCountry "SWE"]
[SourceTitle "playchess.com"]
[Source "ChessBase"]
[SourceQuality "1"]
[TimeControl "40/5400+30:1800+30"]

1. d4 Nf6 2. Bg5 d5 3. Bxf6 gxf6 4. e3 c5 5. Nc3 Nc6 6. Nf3 cxd4 7. Nxd4 e6 8. Be2 Bg7 9. g4 Bd7 10. Qd2 Qb6 11. O-O-O Nxd4 12. Qxd4 Qxd4 13. exd4 Bh6+ 14. Kb1 Ke7 15. h3 Rab8 16. Bd3 b5 17. Ne2 b4 18. f4 Bb5 19. f5 Bg7 1/2-1/2